 Dungeon Crawl Stone Soup version 0.24.0-123-gd5b16e6ec5 (webtiles) character file.

Game seed: 6194680244353307614, levelgen mode: deterministic

283 Bluestream the Skirmisher (level 6, -1/84 HPs)
             Began as a Minotaur Berserker on Feb 1, 2020.
             Was a Priest of Trog.
             Slain by Natasha (7 damage)
             ... on level 3 of the Dungeon.
             The game lasted 00:06:27 (2427 turns).

Bluestream the Skirmisher (Minotaur Berserker)      Turns: 2427, Time: 00:06:28

Health: -1/84      AC:  7    Str: 27    XL:     6   Next: 7%
Magic:  5/5        EV: 12    Int:  4    God:    Trog [***...]
Gold:   117        SH:  0    Dex: 11    Spells: 5/5 levels left

rFire    . . .     SeeInvis .   m - +0 morningstar
rCold    . . .     Gourm    .   (no shield)
rNeg     . . .     Faith    .   u - +0 ring mail
rPois    .         Spirit   .   (helmet restricted)
rElec    .         Reflect  .   (no cloak)
rCorr    .         Harm     .   j - +0 pair of gloves
MR       +....                  (no boots)
Stlth    ..........             (no amulet)
HPRegen  0.24/turn              t - ring of protection from magic
MPRegen  0.09/turn              (no ring)

@: berserking, very quick
A: retaliatory headbutt, horns 2
a: Berserk, Trog's Hand, Renounce Religion


You were on level 3 of the Dungeon.
You worshipped Trog.
Trog was most pleased with you.
You were very hungry.

You visited 1 branch of the dungeon, and saw 3 of its levels.

You collected 117 gold pieces.

Inventory:

Hand Weapons
 a - a +0 mace
 m - a +0 morningstar (weapon)
Armour
 j - a +0 pair of gloves (worn)
 u - a +0 ring mail (worn)
Jewellery
 t - a ring of protection from magic (left hand)
Wands
 o - a wand of paralysis (4)
 x - a wand of disintegration (19)
Scrolls
 g - 2 scrolls of enchant armour {unknown}
 h - 2 scrolls of enchant weapon {unknown}
 i - 3 scrolls of remove curse {unknown}
 k - 2 scrolls of teleportation {unknown}
 l - a scroll of noise {unknown}
 p - a scroll of amnesia {unknown}
 q - a scroll of immolation {unknown}
 r - 3 scrolls of identify {unknown}
 s - a scroll of blinking {unknown}
 v - a scroll of random uselessness {unknown}
Potions
 d - a potion of lignification {unknown}
 e - a potion of flight {unknown}
 f - a potion of curing {unknown}
 n - a potion of resistance {unknown}
 w - a potion of haste {unknown}
Comestibles
 c - 9 rations


   Skills:
 * Level 5.6 Fighting
 * Level 5.5 Maces & Flails
 + Level 3.7 Armour
 + Level 3.4 Dodging


You had 5 spell levels left.
You didn't know any spells.
Your spell library was empty.

Dungeon Overview and Level Annotations

Branches:
Dungeon (3/15)

Altars:

Annotations:
D:3 Natasha


Innate Abilities, Weirdness & Mutations

You reflexively headbutt those who attack you in melee.
You have a pair of horns on your head.


Message History

You are too injured to fight recklessly!
You are too injured to fight recklessly!
You barely miss the white imp.
The white imp is almost dead.
Natasha casts a spell at you. The magic dart hits you!
* * * LOW HITPOINT WARNING * * *
The white imp completely misses you.
You puncture the white imp!
You kill the white imp!
Natasha extends her claws.
Natasha claws you.
* * * LOW HITPOINT WARNING * * *
Natasha claws you!
* * * LOW HITPOINT WARNING * * *
A red film seems to cover your vision as you go berserk!
You feel yourself moving faster!
You feel mighty!
You are feeling very hungry.
Natasha claws you!
You die...

### ..# #####.# #####
.###...#.# ....###.#
#....#@#)## .......#
#...h%...# ..#.###.#
#.###.##..# ..#.#
#.##>.###### #.#.#
#........... ..#.#
#######..###### ###.#
......[..#
###.###############.#
#..............# #.#


You could see Natasha.

Vanquished Creatures
  A centaur (D:2)
  Jessica (D:2)
  Ijyb (D:3)
  Natasha (D:3)
  4 adders
  A shadow imp (D:2)
  An ooze (D:2)
  3 worms
  2 dart slugs
  3 leopard geckos (D:1)
  2 ball pythons (D:2)
  A giant cockroach (D:2)
  8 goblins
  6 hobgoblins
  5 jackals (D:1)
  7 bats
  4 frilled lizards
  10 kobolds
  5 rats
66 creatures vanquished.

Notes
Turn   | Place    | Note
-------+----------+-------------------------------------------
     0 | D:1      | Bluestream the Minotaur Berserker began the quest for the
                  | Orb.
     0 | D:1      | Reached XP level 1. HP: 19/19 MP: 0/0
   361 | D:1      | Reached XP level 2. HP: 27/27 MP: 1/1
   554 | D:1      | Reached ** piety under Trog
   807 | D:1      | Reached XP level 3. HP: 33/33 MP: 2/2
  1302 | D:2      | Reached XP level 4. HP: 41/41 MP: 3/3
  1724 | D:2      | Noticed Jessica
  1727 | D:2      | Killed Jessica
  1841 | D:3      | Noticed a centaur
  1849 | D:2      | Killed a centaur
  1849 | D:2      | Reached skill level 5 in Fighting
  1849 | D:2      | Reached skill level 5 in Maces & Flails
  1849 | D:2      | Reached XP level 5. HP: 14/48 MP: 4/4
  2116 | D:3      | Noticed Natasha
  2120 | D:3      | Killed Natasha
  2227 | D:3      | Noticed Ijyb
  2231 | D:3      | Killed Ijyb
  2231 | D:3      | Reached XP level 6. HP: 56/56 MP: 5/5
  2364 | D:3      | Reached *** piety under Trog
  2414 | D:3      | Noticed Natasha
  2427 | D:3      | Slain by Natasha

Levels and vault maps discovered:
D:1:      lightli_arrival_lavapool, layout_loops_ring, minmay_fountain_box
D:2:      layout_loops_ring, first_ration, uniq_jessica
D:3:      layout_loops_ring, uniq_ijyb, uniq_terence, uniq_natasha

Skill      XL: |  1  2  3  4 |
---------------+-------------+-----
Fighting       | 4 5 |  5.6
Maces & Flails | 4 5 |  5.5
Armour         | 3 |  3.7
Dodging        | 3 |  3.4

Action                   |  1- 3 |  4- 6 || total
-------------------------+-------+-------++-------
Melee: Mace              |    64 |       ||    64
       Headbutt          |    15 |     6 ||    21
       Morningstar       |    14 |    51 ||    65
Invok: Berserk           |       |     4 ||     4
  Eat: Chunk             |     1 |     6 ||     7
Armor: Animal skin       |    20 |    15 ||    35
       Ring mail         |       |     4 ||     4
       Skin              |       |     1 ||     1
Dodge: Dodged            |    55 |    39 ||    94
